 Dungeon Crawl Stone Soup version 0.15.0-12-gccce430 (webtiles) character file.

278 Kashira the Sneak (level 6, 0/51 HPs)
             Began as a Naga Enchanter on Sept 1, 2014.
             Was an Initiate of Qazlal.
             Slain by a worldbinder (3 damage)
             ... on Level 1 of the Abyss.
             The game lasted 00:25:50 (3990 turns).

Kashira the Sneak (Naga Enchanter)                  Turns: 3990, Time: 00:25:50

HP   0/51        AC  4     Str 10      XL: 6   Next: 26%
MP   0/12        EV 10     Int 16      God: Qazlal [......]
Gold 81          SH  0     Dex 13      Spells:  3 memorised,  4 levels left

rFire  . . .     SeeInvis +     r - +1 short sword (elec)
rCold  . . .     Clarity  .     i - +0 leather armour
rNeg   . . .     rCorr    .     (no shield)
rPois  +         rRot     .     (no helmet)
rElec  .         Spirit   .     e - +0 cloak
SustAb .         Warding  .     (no gloves)
rMut   .         Stasis   .     (no barding)
Gourm  .                        (no amulet)
MR     .....                    (no ring)
                                (no ring)

@: very slow, not resistant to hostile enchantments, fairly stealthy
A: spit poison, see invisible, deformed body, poison resistance, slowness 2, AC
+2
a: Spit Poison, Renounce Religion


You were on level 1 of the Abyss.
You worshipped Qazlal.
Qazlal was noncommittal.
You were not hungry.

You visited 1 branch of the dungeon, and saw 4 of its levels.
You visited the Abyss 1 time.

You collected 81 gold pieces.

Inventory:

Hand weapons
 a - a +1 dagger
 r - a +1 short sword of electrocution (weapon)
 v - a +0 shortbow
Missiles
 w - 5 arrows of flame
Armour
 b - a +1 robe
 e - a +0 cloak (worn)
 i - a +0 leather armour (worn)
Comestibles
 d - a bread ration
 h - 4 rotting chunks of ogre flesh
 n - a fruit
Scrolls
 f - a scroll of teleportation {unknown}
 l - a scroll of amnesia {unknown}
 q - 3 scrolls of remove curse
 s - a scroll of magic mapping {unknown}
 t - a scroll of immolation {unknown}
 u - 2 scrolls of identify
Jewellery
 g - an uncursed ring of poison resistance {unknown}
 o - an uncursed ring of poison resistance {unknown}
 p - an uncursed amulet of resist mutation
Potions
 j - a potion of cure mutation {unknown}
 k - a potion of agility
 m - a potion of restore abilities
Books
 c - a book of Maledictions

   Spells                             Type                      Level
   *Corona                            Hexes                        1
   Sure Blade                         Hexes/Charms                 2
   Ensorcelled Hibernation            Hexes/Ice                    2
   *Confuse                           Hexes                        3
   *Dazzling Spray                    Conjuration/Hexes            3
   Enslavement                        Hexes                        4


   Skills:
 + Level 1.4 Fighting
 + Level 1.8 Short Blades
 + Level 0.3 Throwing
 + Level 0.8 Armour
 + Level 3.0 Dodging
 - Level 5.0 Stealth
 + Level 3.0 Spellcasting
 + Level 1.3 Conjurations
 + Level 3.8 Hexes


You had 4 spell levels left.
You knew the following spells:

 Your Spells              Type           Power        Failure   Level  Hunger
a - Corona                Hex            ##.....      4%          1    #......
b - Dazzling Spray        Conj/Hex       ##......     21%         3    ###....
c - Confuse               Hex            ##......     12%         3    ###....


Dungeon Overview and Level Annotations

Branches:
Dungeon (4/15)
 Temple: D:4-7

Altars:
Qazlal
Xom

Annotations:
D:3 Natasha


Innate Abilities, Weirdness & Mutations

You cannot wear boots.
You can spit poison.
Your serpentine skin is tough (AC +2).
You have supernaturally acute eyesight.
Armour fits poorly on your strangely shaped body.
Your system is resistant to poisons.
You cover ground very slowly.


Message History

* * * LOW HITPOINT WARNING * * *
The lorocyproca barely misses you.
The worldbinder calls forth creatures from the Vaults!
Read which item? (? for menu, Esc to quit)
As you read the scroll labeled BRIKIE SYSA, it crumbles to dust.
You feel blessed for a moment.
It was a scroll of remove curse.
The human disappears in a puff of smoke!
The orc priest looks braver.
The worldbinder closely misses you. The worldbinder hits you.
* * * LOW HITPOINT WARNING * * *
The orc priest mumbles some strange prayers to Beogh.
You feel troubled.
Read which item? (? for menu, Esc to quit)
As you read the scroll labeled ONAYVV GESUNAC, it crumbles to dust.
It is a scroll of identify.
Identify which item? (\ to view known items) (? for menu, Esc to quit)
p - an uncursed amulet of resist mutation The human disappears in a puff of smoke!
The worldbinder hits you.
You die...

...........)) . #..
#..##..# .#
.##..##..##..# .##.
#..................
#.....X.oo....... ...
##..##X.##..##.##..#
#.###..##2T##..##.##. ##
........p..xp............
##.#...@x§##§...........
#....2.##...........
#................##..#
...................# ..#
..#............... p...
#............... .. ..
.................# ..#
............. .. #..# ...
............


You could see 2 lorocyprocas, a large abomination, 2 worldbinders, a troll, 2
humans and 2 orc priests.

Vanquished Creatures
  An ogre (D:3)
  3 gnolls (D:3)
  2 adders (D:2)
  2 worms (D:2)
  3 oozes
  8 orcs
  2 ball pythons
  10 bats
  5 giant cockroaches
  8 goblins
  11 hobgoblins
  9 jackals
  7 kobolds
  5 giant geckos
  2 giant newts
  11 rats
89 creatures vanquished.

Vanquished Creatures (others)
  Natasha (D:3)
1 creature vanquished.

Grand Total: 90 creatures vanquished

Notes
Turn   | Place    | Note
--------------------------------------------------------------
     0 | D:1      | Kashira, the Naga Enchanter, began the quest for the Orb.
     0 | D:1      | Reached XP level 1. HP: 15/15 MP: 3/3
   191 | D:1      | Reached XP level 2. HP: 20/22 MP: 2/4
   486 | D:1      | Reached XP level 3. HP: 15/28 MP: 6/6
   497 | D:1      | Learned a level 3 spell: Dazzling Spray
  1230 | D:2      | Reached XP level 4. HP: 37/37 MP: 4/8
  1448 | D:2      | Learned a level 3 spell: Confuse
  2254 | D:3      | Noticed Natasha
  2282 | D:3      | Killed Natasha
  2282 | D:3      | Reached skill level 1 in Fighting
  2282 | D:3      | Reached skill level 1 in Conjurations
  2282 | D:3      | Reached XP level 5. HP: 20/44 MP: 3/9
  2553 | D:3      | Found a stormy altar of Qazlal.
  2648 | D:3      | Reached skill level 5 in Stealth
  2670 | D:3      | Noticed Natasha
  3050 | D:3      | Became a worshipper of Qazlal Stormbringer
  3119 | D:3      | Found a shimmering altar of Xom.
  3120 | D:3      | Found a shimmering altar of Xom.
  3145 | D:3      | Found a shimmering altar of Xom.
  3596 | D:3      | Noticed an ogre
  3635 | D:3      | Killed an ogre
  3635 | D:3      | Reached XP level 6. HP: 13/51 MP: 1/12
  3918 | D:3      | Cast into the Abyss (orc priest)
  3973 | Abyss:1  | Noticed a lorocyproca
  3975 | Abyss:1  | Noticed a worldbinder
  3976 | Abyss:1  | Noticed a human
  3976 | Abyss:1  | Noticed a human
  3980 | Abyss:1  | Noticed a human
  3981 | Abyss:1  | Noticed a worldbinder
  3982 | Abyss:1  | Noticed a human
  3983 | Abyss:1  | Noticed a lorocyproca
  3984 | Abyss:1  | Noticed a large abomination
  3984 | Abyss:1  | Noticed a human
  3984 | Abyss:1  | Noticed a human
  3986 | Abyss:1  | Noticed a warg
  3987 | Abyss:1  | Noticed a troll
  3989 | Abyss:1  | Noticed a human
  3989 | Abyss:1  | Noticed a human
  3990 | Abyss:1  | Slain by a worldbinder

Action                   |  1- 3 |  4- 6 || total
-------------------------+-------+-------++-------
Melee: Dagger            |    73 |   163 ||   236
       Short sword       |       |     1 ||     1
Throw: Tomahawk          |       |     4 ||     4
       Throwing net      |       |     2 ||     2
 Cast: Corona            |     9 |       ||     9
       Dazzling Spray    |     3 |    27 ||    30
       Confuse           |       |     6 ||     6
 Abil: Spit Poison       |    36 |    80 ||   116
  Use: Potion            |       |     6 ||     6
       Scroll            |       |     4 ||     4
 Stab: Confused          |       |     1 ||     1
  Eat: Chunk             |     4 |    12 ||    16
       Bread ration      |       |     1 ||     1
       Pizza             |       |     1 ||     1
